 Dungeon Crawl Stone Soup version 0.28.0-43-g3370ac3207 (webtiles) character file.

Game seed: 1065752386174369803

345 Zeld the Magician (level 6, 0/32 HPs)
             Began as a Deep Elf Fire Elementalist on Mar 17, 2022.
             Slain by a gnoll
             ... wielding a +0 spear
              (1 damage)
             ... on level 4 of the Dungeon.
             The game lasted 00:02:54 (4926 turns).

Zeld the Magician (Deep Elf Fire Elementalist)      Turns: 4926, Time: 00:02:55

Health: 0/32       AC:  3    Str:  5    XL:     6   Next: 32%
Magic:  0/15       EV: 13    Int: 22    God:
Gold:   149        SH:  0    Dex: 15    Spells: 8/15 levels left

rFire   . . .      SeeInvis .   (no weapon)
rCold   . . .      Faith    .   (no shield)
rNeg    . . .      Spirit   .   a - +0 robe
rPois   .          Reflect  .   h - +0 helmet
rElec   .          Harm     .   (no cloak)
rCorr   .          Rampage  .   (no gloves)
Will    .....                   (no boots)
Stlth   +++.......              (no amulet)
HPRegen 0.10/turn               (no ring)
MPRegen 0.14/turn               (no ring)

@: no status effects
A: no striking features
a: no special abilities


You were on level 4 of the Dungeon.
You visited 1 branch of the dungeon, and saw 4 of its levels.

You collected 149 gold pieces.

Inventory:

Armour
 a - a +0 robe (worn)
 h - a +0 helmet (worn)
Wands
 m - a wand of iceblast (9)
 o - a wand of flame (11)
Scrolls
 b - a scroll of blinking {unknown}
 f - a scroll of noise {unknown}
 g - 4 scrolls of identify {unknown}
 i - a scroll of enchant armour {unknown}
 j - 2 scrolls of silence {unknown}
 l - a scroll of teleportation {unknown}
 n - a scroll of amnesia {unknown}
 q - 3 scrolls of vulnerability {unknown}
 r - a scroll of enchant weapon {unknown}
Potions
 c - a potion of flight {unknown}
 d - a potion of heal wounds {unknown}
 e - 2 potions of magic {unknown}
 k - a potion of curing {unknown}
 p - 2 potions of might {unknown}


   Skills:
 + Level 3.4 Dodging
 * Level 5.1 Stealth
 * Level 5.2 Spellcasting
 + Level 2.3 Conjurations
 * Level 4.8 Fire Magic


You had 8 spell levels left.
You knew the following spells:

 Your Spells              Type           Power      Damage    Failure   Level
a - Foxfire               Conj/Fire      84%        2x1d8     2%          1
b - Scorch                Fire           54%        2d7       1%          2
c - Flame Wave            Conj/Fire      21%        2d7       22%         4

Your spell library contained the following spells:

 Spells                   Type           Power      Damage    Failure   Level
 Conjure Flame            Conj/Fire      21%        6-21      7%          3
 Inner Flame              Hex/Fire       16%        N/A       11%         3
 Ignite Poison            Fire/Tmut/Pois 12%        N/A       16%         3
 Mephitic Cloud           Conj/Pois/Air  9%         N/A       22%         3
 Gell's Gravitas          Tloc           5%         N/A       30%         3
 Teleport Other           Tloc           5%         N/A       30%         3
 Freezing Cloud           Conj/Ice/Air   4%         6-21      89%         5
 Dispersal                Tloc           2%         N/A       100%        6


Dungeon Overview and Level Annotations

Branches:
Dungeon (4/15)
 Temple: D:4-7

Altars:
Elyvilon
Uskayaw
Yredelemnul


Message History

The foxfire hits the gnoll shaman.
The gnoll shaman is moderately wounded.
The gnoll closely misses you. The gnoll shaman completely misses you.
Casting: Foxfire (safe; 2% risk of failure)
Confirm with . or Enter, or press ? or * to list all spells.
You conjure some foxfire!
The gnoll closely misses you.
The gnoll hits you from afar with a +0 spear.
The gnoll shaman closely misses you.
The gnoll is no longer more vulnerable to fire.
The foxfire hits the gnoll shaman.
The gnoll shaman is heavily wounded.
The foxfire hits the gnoll shaman!
The gnoll shaman is almost dead.
The gnoll barely misses you. x2
The gnoll shaman invokes the aid of its god against you.
You resist with some effort.
Casting: Foxfire (safe; 2% risk of failure)
Confirm with . or Enter, or press ? or * to list all spells.
You conjure some foxfire!
The gnoll misses you. The gnoll barely misses you.
The gnoll shaman calls upon its god to speed up the gnoll.
The gnoll seems to speed up.
The gnoll barely misses you.
The foxfire hits the gnoll shaman.
You kill the gnoll shaman!
The foxfire hits the gnoll.
The gnoll is heavily wounded.
The gnoll barely misses you.
The gnoll hits you from afar with a +0 spear.
The gnoll closely misses you.
The gnoll hits you from afar with a +0 spear!
* * * LOW HITPOINT WARNING * * *
The gnoll hits you from afar with a +0 spear!
* * * LOW HITPOINT WARNING * * *
Okay, then.
Casting: Foxfire (safe; 2% risk of failure)
Confirm with . or Enter, or press ? or * to list all spells.
Flames lash the gnoll.
The gnoll is almost dead.
The gnoll's fire resistance burns away.
The gnoll hits you from afar with a +0 spear.
You die...

#.#...8†..8..#
##..##
#.....†.8....#
#...#
####.........##
##..##
...........##
##..##
.......####..##
##..# .......##
##..# #..##
.......## ##.##
#...# .. #..#
#...# #@##
##...# ##.#
##...## #gg#
##...## #.g#
##..### #..#
##..## ##
#.).###..## ##.
#)........# #..
....).....##
##..
§..........#
##..#


You could see 3 gnolls.

Vanquished Creatures
  An ogre (D:2)
  A gnoll shaman (D:4)
  Robin (D:2)
  5 gnolls (D:4)
  8 adders
  2 worms
  3 dart slugs
  7 ball pythons
  7 endoplasms
  7 giant cockroaches
  13 goblins
  9 hobgoblins
  4 quokkas
  7 bats
  10 frilled lizards
  4 kobolds
  6 rats
95 creatures vanquished.

Vanquished Creatures (collateral kills)
  A foxfire (D:3)
1 creature vanquished.

Vanquished Creatures (others)
  345 foxfires
345 creatures vanquished.

Grand Total: 441 creatures vanquished

Notes
Turn   | Place    | Note
-------+----------+-------------------------------------------
     0 | D:1      | Zeld the Deep Elf Fire Elementalist began the quest for the
                  | Orb.
     0 | D:1      | Reached XP level 1. HP: 10/10 MP: 6/6
   275 | D:1      | Reached XP level 2. HP: 13/15 MP: 2/8
   698 | D:1      | Learned a level 2 spell: Scorch
  1018 | D:1      | Reached XP level 3. HP: 19/19 MP: 6/10
  1160 | D:1      | Found a faded altar of an unknown god.
  1864 | D:2      | Noticed Robin
  1874 | D:2      | Killed Robin
  1875 | D:2      | Reached XP level 4. HP: 14/24 MP: 4/12
  2241 | D:2      | Learned a level 4 spell: Flame Wave
  2496 | D:2      | Noticed an ogre
  2502 | D:2      | Killed an ogre
  2503 | D:2      | Reached XP level 5. HP: 28/28 MP: 6/13
  3750 | D:3      | Found a basalt altar of Yredelemnul.
  3827 | D:3      | Found a white marble altar of Elyvilon.
  4758 | D:4      | Reached skill level 5 in Spellcasting
  4758 | D:4      | Reached XP level 6. HP: 32/32 MP: 11/15
  4763 | D:4      | Reached skill level 5 in Stealth
  4782 | D:4      | Found a hide-covered altar of Uskayaw.
  4925 | D:4      | HP: 1/32 [gnoll/+0 spear (8)]
  4926 | D:4      | Slain by a gnoll

Illustrated notes

Levels and vault maps discovered:
D:1:      lemuel_arrival_lava_pool, layout_loops_ring,
          hellmonk_ecumenical_altar_zigzags
D:2:      layout_loops_ring, minmay_randomly_rotated_circles, uniq_robin
D:3:      layout_loops_corners, kennysheep_ying_yang, hex_tiny,
          minmay_lizard_king
D:4:      layout_layer_cave, nicolae_uskayaw_dance_hall, kennysheep_mini,
          nicolae_dithmenos_the_darkroom, led_sif_pool

Skill      XL: |  1  2  3  4  5  6 |
---------------+-------------------+-----
Stealth        | 3 4 5 |  5.1
Spellcasting   | 4 5 |  5.2
Fire Magic     | 4 |  4.8
Dodging        | 3 |  3.4
Conjurations   | 2 |  2.3

Action                   |  1- 3 |  4- 6 || total
-------------------------+-------+-------++-------
Melee: Unarmed           |     1 |       ||     1
 Cast: Foxfire           |    88 |   124 ||   212
       Scorch            |       |    15 ||    15
Armor: Robe              |     2 |     5 ||     7
Dodge: Dodged            |    10 |    48 ||    58
